cohdb
Replays
Latest Replays
All Replays
Popular Replays
Top Player Replays
Match Explorer
How It Works
Community
CoH3 Stats
Reddit
Sign in to upload your games and track your stats! →
Sign in with Steam
Match 40861379
Unlisted
Match 40861379
Overview
Messages
Build Orders
End
Kettenkrad Recon Vehicle
Construct Infanterie Kompanie
Selects Terror Battlegroup
Selects Machine Gun Camouflage
MG 42 Machine Gun Team
Grenadier Squad
Grenadier Squad
MG 42 Machine Gun Team
Infanterie Officer Quarters
Construct Luftwaffe Kompanie
Selects Interrogate
MG 42 Machine Gun Team
Jäger Squad
Support Elements
Wirbelwind Flakpanzer
Marder III M Tank Destroyer
Selects Propaganda Leaflet Drop
Medical Bunker
Jäger Squad
Wirbelwind Flakpanzer
Sparkle
Mo-J
RTX 5080 RYZEN 9800X3D ENJOYER
schuperman
0
0
Comments
sign in to comment!
No comments posted yet!